 Dungeon Crawl Stone Soup version 0.28-a0-563-gf77a47075d (webtiles) character file.

Game seed: 10069675104173812371

112 iamoutofideas the Magician (level 4, 0/24 HPs)
             Began as a Deep Elf Fire Elementalist on Sept 30, 2021.
             Killed by nerve-wracking pain
             ... invoked by Grinder
              (14 damage)
             ... on level 3 of the Dungeon.
             The game lasted 00:08:01 (3589 turns).

iamoutofideas the Magician (DEFE)                   Turns: 3589, Time: 00:08:02

Health: 0/24       AC:  3    Str:  4 (5)  XL:     4   Next: 64%
Magic:  2/12       EV: 12    Int: 20 (21) God:
Gold:   172        SH:  0    Dex: 14 (15) Spells: 5/11 levels left

rFire   . . .      SeeInvis .   c - +0 short sword (drain)
rCold   . . .      Faith    .   (no shield)
rNeg    . . .      Spirit   .   a - +0 robe
rPois   .          Reflect  .   h - +0 helmet
rElec   .          Harm     .   (no cloak)
rCorr   .          Rampage  .   (no gloves)
Will    .....                   (no boots)
Stlth   ++........              (no amulet)
HPRegen 0.08/turn               (no ring)
MPRegen 0.13/turn               (no ring)

@: very slightly contaminated
A: no striking features
a: no special abilities


You were on level 3 of the Dungeon.
You visited 1 branch of the dungeon, and saw 3 of its levels.

You collected 172 gold pieces.

Inventory:

Hand Weapons
 c - a +0 short sword of draining (weapon)
Armour
 a - a +0 robe (worn)
 h - a +0 helmet (worn)
Jewellery
 k - a ring of fire
Scrolls
 b - a scroll of magic mapping {unknown}
 d - 2 scrolls of identify {unknown}
 e - a scroll of fear {unknown}
 f - a scroll of blinking {unknown}
 i - a scroll of amnesia {unknown}
Potions
 l - a potion of attraction {unknown}


   Skills:
 + Level 2.7 Dodging
 + Level 3.1 Stealth
 + Level 0.2 Unarmed Combat
 * Level 4.4 Spellcasting
 + Level 2.4 Conjurations
 + Level 4.2 Fire Magic


You had 5 spell levels left.
You knew the following spells:

 Your Spells              Type           Power      Damage    Failure   Level
a - Foxfire               Conj/Fire      68%        2x1d7     3%          1
b - Scorch                Fire           42%        2d7       3%          2
c - Conjure Flame         Conj/Fire      17%        6-21      10%         3

Your spell library contained the following spells:

 Spells                   Type           Power      Damage    Failure   Level
 Inner Flame              Hex/Fire       12%        N/A       16%         3
 Sublimation of Blood     Necr           2%         N/A       19%         2
 Wereblood                Tmut           4%         N/A       19%         2
 Flame Wave               Conj/Fire      17%        3d5       30%         4
 Summon Hydra             Summ           2%         N/A       100%        7


Dungeon Overview and Level Annotations

Branches:
Dungeon (3/15)

Altars:
Okawaru

Annotations:
D:2 exclusion: downstairs
D:3 Grinder


Message History

You can move again.
Casting: Scorch (safe; 3% risk of failure)
Confirm with . or Enter, or press ? or * to list all spells.
You conjure some foxfire!
The goblin barely misses you.
Grinder drinks a potion.
Grinder is healed!
The goblin closely misses you.
The foxfire hits Grinder but does no damage.
The foxfire hits Grinder.
Grinder is burned terribly!
Grinder is lightly wounded.
Grinder hits you but does no damage. The goblin hits you but does no damage.
Casting: Foxfire (safe; 3% risk of failure)
Confirm with . or Enter, or press ? or * to list all spells.
You conjure some foxfire!
The goblin closely misses you. Grinder hits you.
You writhe in agony.
Unknown command.
Casting: Foxfire (safe; 3% risk of failure)
Confirm with . or Enter, or press ? or * to list all spells.
Flames lash the goblin.
You kill the goblin!
Grinder is no longer more vulnerable to fire.
The foxfire hits Grinder.
Grinder is lightly wounded.
The foxfire hits Grinder.
Grinder is moderately wounded.
Grinder barely misses you.
Casting: Scorch (safe; 3% risk of failure)
Confirm with . or Enter, or press ? or * to list all spells.
Flames lash Grinder.
Grinder is heavily wounded.
Grinder's fire resistance burns away.
Grinder gestures at you. You resist with significant effort.
Casting: Scorch (safe; 3% risk of failure)
Confirm with . or Enter, or press ? or * to list all spells.
You miscast Foxfire.
You are very lightly contaminated with residual magic.
Nothing appears to happen.
Grinder gestures at you. Pain shoots through your body!
Ouch! That really hurt!
You die...

#...# ##.#####.##.#
##### #...#.....†.
###.†.##.###
###.....# # #...#####
# ###.### #...
############...#
#..##
..........#..#####...
.......@...........#
......)5....########
..).........#
............#
............#
>...........#
...........##
.....)....##


You could see Grinder (combustible).

Vanquished Creatures
  3 adders
  A worm (D:3)
  3 dart slugs (D:1)
  7 endoplasms
  5 goblins
  11 hobgoblins
  4 jackals (D:2)
  12 kobolds
  10 ball pythons
  8 bats
  4 frilled lizards
  6 rats
74 creatures vanquished.

Vanquished Creatures (collateral kills)
  11 foxfires (D:1)
11 creatures vanquished.

Vanquished Creatures (others)
  206 foxfires
  16 plants (D:1)
222 creatures vanquished.

Grand Total: 307 creatures vanquished

Notes
Turn   | Place    | Note
-------+----------+-------------------------------------------
     0 | D:1      | iamoutofideas the Deep Elf Fire Elementalist began the
                  | quest for the Orb.
     0 | D:1      | Reached XP level 1. HP: 10/10 MP: 6/6
   360 | D:1      | Reached XP level 2. HP: 7/15 MP: 2/8
   522 | D:1      | Found a faded altar of an unknown god.
   719 | D:1      | Learned a level 2 spell: Scorch
  1381 | D:1      | Reached XP level 3. HP: 18/19 MP: 7/9
  1435 | D:1      | Learned a level 3 spell: Conjure Flame
  2320 | D:2      | Reached XP level 4. HP: 18/24 MP: 3/11
  3027 | D:3      | Found an iron altar of Okawaru.
  3577 | D:3      | Noticed Grinder
  3582 | D:3      | Paralysed by Grinder for 2 turns
  3589 | D:3      | Killed from afar by Grinder

Illustrated notes

Levels and vault maps discovered:
D:1:      dpeg_chamrin_arrival_tetris, layout_loops_ring,
          chequers_ecumenical_altar_simple_redux, kennysheep_boxes
D:2:      layout_loops_cross
D:3:      layout_rooms, nicolae_uskayaw_suspiria, okawaru_trees_2,
          grunt_ministairs_1, uniq_ijyb, uniq_grinder, uniq_robin

Skill      XL: |  1  2  3  4 |
---------------+-------------+-----
Conjurations   | 2 |  2.4
Fire Magic     | 4 |  4.2
Stealth        | 3 |  3.1
Spellcasting   | 4 |  4.4
Dodging        | |  2.7
Unarmed Combat | |  0.2

Action                   |  1- 3 |  4- 6 || total
-------------------------+-------+-------++-------
Melee: Unarmed           |     4 |       ||     4
       Short sword       |     1 |       ||     1
 Cast: Foxfire           |   100 |    43 ||   143
       Scorch            |       |    12 ||    12
  Use: Potion            |       |     4 ||     4
Armor: Robe              |    14 |    12 ||    26
Dodge: Dodged            |    37 |    26 ||    63

Table legend: (Time is in decaauts)
 A = Elapsed time spent in this place.
 B = Non-inter-level travel time spent in this place.
 C = Inter-level travel time spent in this place.
 D = Time resting spent in this place.
 E = Time spent auto-exploring this place.
 F = Levels seen in this place.
 G = Mean time per level.
                   A        B        C        D        E       F      G
               +--------+--------+--------+--------+--------+-----+--------+
         Total |   3589 |   3461 |    128 |    353 |   2505 |   3 | 1196.3 |
       Dungeon |   3589 |   3461 |    128 |    353 |   2505 |   3 | 1196.3 |
               +--------+--------+--------+--------+--------+-----+--------+

Top non-repeatable levels by time:
     D:1: 1817 daAuts
     D:2: 1408 daAuts
     D:3: 363 daAuts
